[Event "African Individual Chess-ch Open 2024"]
[Site "Accra"]
[Date "2024.03.13"]
[Round "1.13"]
[White "Mills-Pappoe, Benjamin Adoayi"]
[Black "Aikhoje, Odion"]
[Result "0-1"]
[ECO "B02"]
[WhiteElo "1773"]
[BlackElo "2215"]
[Annotator "RC"]
[PlyCount "50"]
[EventDate "2024.03.13"]
[EventCountry "GHA"]
[SourceTitle "playchess.com"]
[Source "ChessBase"]
[SourceQuality "1"]
[TimeControl "5400+30"]

1. e4 Nf6 2. Nc3 d5 3. exd5 Nxd5 4. Bc4 Nb6 5. Bb3 c5 6. Qe2 Nc6 7. Nf3 e6 8. O-O Na5 9. d3 Be7 10. Bd2 O-O 11. h3 Nxb3 12. axb3 Nd5 13. Rfe1 Nb4 14. Bf4 f6 15. Ne4 e5 16. Be3 b6 17. Rec1 f5 18. Nxe5 Qd5 19. Bf4 fxe4 20. dxe4 Qe6 21. Bg3 Bf6 22. Nd3 Nxd3 23. cxd3 Bd4 24. Qc2 Qf7 25. Qc4 Be6 0-1

[Event "African Individual Chess-ch Open 2024"]
[Site "Accra"]
[Date "2024.03.15"]
[Round "2.1"]
[White "Amin, Bassem"]
[Black "Agnelo, Amorim"]
[Result "*"]
[ECO "C54"]
[WhiteElo "2670"]
[BlackElo "2219"]
[Annotator "TA"]
[PlyCount "26"]
[EventDate "2024.03.13"]
[EventCountry "GHA"]
[SourceTitle "playchess.com"]
[Source "ChessBase"]
[SourceQuality "1"]
[TimeControl "5400+30"]

1. e4 e5 2. Nf3 Nc6 3. Bc4 Bc5 4. c3 Nf6 5. d3 d6 6. O-O O-O 7. Re1 Bb6 8. h3 Ne7 9. Nbd2 Ng6 {[%emt 0:00:10][%cal Oc8h3] White has an edge.} 10. Nf1 c6 {[%emt 0:00:28] The position is equal.} 11. Bb3 Be6 12. Bc2 d5 13. exd5 Nxd5 {[%emt 0:00:33] An uneventful encounter.   Weighted Error Value: White=0.06 (flawless) /Black=0.05 (flawless) .  OK:         	White=3     	Black=2} *

[Event "African Individual Chess-ch Open 2024"]
[Site "Accra"]
[Date "2024.03.15"]
[Round "2.2"]
[White "Aikhoje, Odion"]
[Black "Bellahcene, Bilel"]
[Result "*"]
[ECO "D02"]
[WhiteElo "2215"]
[BlackElo "2522"]
[Annotator "TA"]
[PlyCount "25"]
[EventDate "2024.03.13"]
[EventCountry "GHA"]
[SourceTitle "playchess.com"]
[Source "ChessBase"]
[SourceQuality "1"]
[TimeControl "5400+30"]

1. Nf3 Nf6 2. d4 d5 3. Bf4 c5 4. c3 Nc6 5. e3 Qb6 6. Qb3 c4 7. Qc2 Bf5 8. Qc1 (8. Qxf5 $2 {is the wrong capture.} Qxb2 9. Bxc4 dxc4 $19 (9... Qxa1 10. O-O $15)) 8... Nh5 9. Bg3 Nxg3 10. hxg3 e6 11. Nbd2 {[%emt 0:00:08][%cal Oe3e4] The position is equal.} h5 12. e4 dxe4 ({Don't play} 12... Bxe4 13. Nxe4 dxe4 14. Nd2 $11) 13. Nxc4 {[%emt 0:00:45] Not much happened in this game.   Weighted Error Value: White=0.04 (flawless) /Black=0.08 (flawless) .  OK:         	White=3     	Black=1} *

[Event "African Individual Chess-ch Open 2024"]
[Site "Accra"]
[Date "2024.03.15"]
[Round "2.3"]
[White "Mhango, Banele"]
[Black "Rakotomaharo, Fy Antenaina"]
[Result "*"]
[ECO "E06"]
[WhiteElo "2193"]
[BlackElo "2454"]
[Annotator "TA"]
[PlyCount "20"]
[EventDate "2024.03.13"]
[EventCountry "GHA"]
[SourceTitle "playchess.com"]
[Source "ChessBase"]
[SourceQuality "1"]
[TimeControl "5400+30"]

1. d4 d5 2. c4 e6 3. Nf3 Nf6 4. g3 Be7 5. Bg2 O-O 6. O-O c6 7. Qc2 b6 8. Nbd2 Ba6 9. Re1 c5 10. cxd5 exd5 {[%emt 0:00:43] Ein ziemlich ruhiges Remis.   Gewichteter Fehlerwert: Weiß=0.18 (sehr präzise) /Schwarz=0.16 (sehr präzise) .  Ungenau:       	Weiß=1     	Schwarz=1} *

[Event "African Individual Chess-ch Open 2024"]
[Site "Accra"]
[Date "2024.03.15"]
[Round "2.4"]
[White "Silva, David"]
[Black "Cogan, Nicolas"]
[Result "*"]
[ECO "B22"]
[WhiteElo "2358"]
[BlackElo "2070"]
[Annotator "TA"]
[PlyCount "23"]
[EventDate "2024.03.13"]
[EventCountry "GHA"]
[SourceTitle "playchess.com"]
[Source "ChessBase"]
[SourceQuality "1"]
[TimeControl "5400+30"]

1. e4 c5 2. c3 Nf6 3. e5 Nd5 4. d4 cxd4 5. Nf3 Nc6 6. cxd4 d6 7. Bc4 Nb6 8. Bb5 Bd7 {[%emt 0:00:09][%cal Oc6e5] The position is equal.} 9. exd6 e6 10. Bg5 f6 11. Be3 Bxd6 12. O-O {[%emt 0:00:53] A rather calm draw.   Weighted Error Value: White=0.08 (flawless) /Black=0.06 (flawless) .  OK:         	White=2     	Black=3} *

[Event "African Individual Chess-ch Open 2024"]
[Site "Accra"]
[Date "2024.03.15"]
[Round "2.5"]
[White "Paiva, Donaldo"]
[Black "Mwali, Chitumbo"]
[Result "*"]
[ECO "A61"]
[WhiteElo "2172"]
[BlackElo "2340"]
[Annotator "TA"]
[PlyCount "26"]
[EventDate "2024.03.13"]
[EventCountry "GHA"]
[SourceTitle "playchess.com"]
[Source "ChessBase"]
[SourceQuality "1"]
[TimeControl "5400+30"]

1. d4 Nf6 2. c4 c5 3. d5 e6 4. Nc3 exd5 5. cxd5 d6 6. Bf4 g6 7. h3 a6 8. a4 Bg7 9. Nf3 O-O 10. e3 Ne8 11. Be2 Nd7 12. O-O Rb8 13. Bh2 f5 {[%emt 0:01:31] White took control after the opening.   Weighted Error Value: White=0.08 (flawless) /Black=0.07 (flawless) .  Inaccurate:     	White=1     	Black=1      OK:         	White=1     	Black=1} *

[Event "African Individual Chess-ch Open 2024"]
[Site "Accra"]
[Date "2024.03.15"]
[Round "2.6"]
[White "Kayonde, Andrew"]
[Black "De Gondo, Simplice Armel"]
[Result "*"]
[ECO "D43"]
[WhiteElo "2321"]
[BlackElo "2024"]
[Annotator "TA"]
[PlyCount "29"]
[EventDate "2024.03.13"]
[EventCountry "GHA"]
[SourceTitle "playchess.com"]
[Source "ChessBase"]
[SourceQuality "1"]
[TimeControl "5400+30"]

1. d4 d5 2. c4 c6 3. Nf3 Nf6 4. Nc3 e6 5. Bg5 h6 6. Bxf6 Qxf6 7. e3 g6 8. Bd3 dxc4 9. Bxc4 Bg7 10. e4 {[%emt 0:00:00] Weiß hat minimalen Vorteil.} Qe7 11. O-O O-O 12. Qe2 Rd8 13. Qe3 Qb4 14. Bb3 a5 (14... c5 $1 $11 15. dxc5 Bd7) 15. Na4 {[%emt 0:00:00] Gewichteter Fehlerwert: Weiß=0.05 (makellos) /Schwarz=0.09 (makellos) .  Fehler:       	---       	Schwarz=1     Ungenau:       	Weiß=1     	---        OK:         	Weiß=1     	Schwarz=3} *

[Event "African Individual Chess-ch Open 2024"]
[Site "Accra"]
[Date "2024.03.15"]
[Round "2.7"]
[White "Rongwane, Gomolemo"]
[Black "KIGIGHA, Bomo Lovet"]
[Result "*"]
[ECO "A11"]
[WhiteElo "2021"]
[BlackElo "2231"]
[Annotator "TA"]
[PlyCount "18"]
[EventDate "2024.03.13"]
[EventCountry "GHA"]
[SourceTitle "playchess.com"]
[Source "ChessBase"]
[SourceQuality "1"]
[TimeControl "5400+30"]

1. Nf3 Nf6 2. g3 d5 3. Bg2 c6 4. O-O Bf5 5. d3 e6 6. c4 Nbd7 7. Nc3 Bb4 (7... dxc4 $11 {should be considered.} 8. dxc4 h6) 8. Qb3 a5 9. a3 Nc5 {[%emt 0:03:49] Weighted Error Value: White=0.12 (very precise) /Black=0.21 (precise) .  Inaccurate:     	---       	Black=1      OK:         	---       	Black=1} *

[Event "African Individual Chess-ch Open 2024"]
[Site "Accra"]
[Date "2024.03.15"]
[Round "2.9"]
[White "Ntamatungiro, Wilfried"]
[Black "Wanyama, Harold"]
[Result "*"]
[ECO "B12"]
[WhiteElo "1905"]
[BlackElo "2226"]
[Annotator "RC"]
[PlyCount "36"]
[EventDate "2024.03.13"]
[EventCountry "GHA"]
[SourceTitle "playchess.com"]
[Source "ChessBase"]
[SourceQuality "1"]
[TimeControl "5400+30"]

1. e4 c6 2. d4 d5 3. e5 Bf5 4. Ne2 e6 5. Ng3 Bg6 6. h4 h6 7. h5 Bh7 8. Bd3 Bxd3 9. cxd3 Qb6 10. Be3 c5 11. dxc5 Qxb2 12. Nd2 Qxe5 13. d4 Qc7 14. O-O Nf6 15. Qf3 Nc6 16. Bf4 Qc8 17. Nb3 Be7 18. Rfe1 O-O *

[Event "African Individual Chess-ch Open 2024"]
[Site "Accra"]
[Date "2024.03.15"]
[Round "2.10"]
[White "Zhemba, Jemusse"]
[Black "Acheampong Dave Quansah Chief"]
[Result "*"]
[ECO "E06"]
[WhiteElo "2226"]
[BlackElo "1719"]
[Annotator "RC"]
[PlyCount "27"]
[EventDate "2024.03.13"]
[EventCountry "GHA"]
[SourceTitle "playchess.com"]
[Source "ChessBase"]
[SourceQuality "1"]
[TimeControl "5400+30"]

1. Nf3 d5 2. d4 Nf6 3. c4 e6 4. g3 Be7 5. Bg2 O-O 6. O-O c5 7. cxd5 Nxd5 8. dxc5 Bxc5 9. Qc2 Qb6 10. a3 Be7 11. e4 Nf6 12. Be3 Qc6 13. Nc3 Nbd7 14. Rac1 *

[Event "African Individual Chess-ch Open 2024"]
[Site "Accra"]
[Date "2024.03.15"]
[Round "2.12"]
[White "Oluka Robert Mcligeyo"]
[Black "Mahamat Hachim Bachar"]
[Result "*"]
[ECO "C06"]
[WhiteElo "2041"]
[BlackElo "1843"]
[Annotator "RC"]
[PlyCount "30"]
[EventDate "2024.03.13"]
[EventCountry "GHA"]
[SourceTitle "playchess.com"]
[Source "ChessBase"]
[SourceQuality "1"]
[TimeControl "5400+30"]

1. e4 e6 2. d4 d5 3. Nd2 Nf6 4. e5 Nfd7 5. Bd3 c5 6. c3 Nc6 7. Ne2 Qb6 8. Nf3 cxd4 9. cxd4 Be7 10. O-O h6 11. Re1 g5 12. Be3 Qxb2 13. Nd2 Qb6 14. Rb1 Qc7 15. f4 Nb4 *

[Event "African Individual Chess-ch Open 2024"]
[Site "Accra"]
[Date "2024.03.15"]
[Round "2.13"]
[White "Ameku, David Selasi"]
[Black "Adewole, Adeyinka Samuel"]
[Result "*"]
[ECO "A80"]
[WhiteElo "1839"]
[BlackElo "1935"]
[Annotator "RC"]
[PlyCount "23"]
[EventDate "2024.03.13"]
[EventCountry "GHA"]
[SourceTitle "playchess.com"]
[Source "ChessBase"]
[SourceQuality "1"]
[TimeControl "5400+30"]

1. d4 f5 2. Nf3 Nf6 3. Bf4 e6 4. e3 b6 5. Be2 Be7 6. h3 O-O 7. O-O Bb7 8. Nbd2 Ne4 9. a4 a5 10. Ne5 d6 11. Nd3 Nd7 12. Ne5 *

[Event "African Individual Chess-ch Open 2024"]
[Site "Accra"]
[Date "2024.03.17"]
[Round "5.1"]
[White "Mwali, Chitumbo"]
[Black "Amin, Bassem"]
[Result "1/2-1/2"]
[ECO "A26"]
[WhiteElo "2340"]
[BlackElo "2670"]
[Annotator "TA"]
[PlyCount "78"]
[EventDate "2024.03.13"]
[EventCountry "GHA"]
[SourceTitle "playchess.com"]
[Source "ChessBase"]
[SourceQuality "1"]
[TimeControl "5400+30"]

1. c4 g6 2. g3 Bg7 3. Bg2 e5 4. Nc3 d6 5. e4 Nc6 6. Nge2 h5 7. h4 Be6 8. d3 Nh6 9. Nd5 O-O 10. f3 Kh7 {[%emt 0:02:12] The position is equal.} 11. Be3 Nb8 12. Qd2 Nd7 {[%emt 0:00:30] [#]} 13. g4 $1 hxg4 14. h5 g5 15. Bxg5 {[%emt 0:01:15] White has more active pieces.} f6 16. Be3 c6 $1 17. Ndc3 a5 (17... gxf3 $14 18. Bxf3 f5) 18. fxg4 Rg8 19. O-O-O Nxg4 20. h6 Bf8 {[%emt 0:00:11] ...Nxe3 is the strong threat.} 21. Bh3 b5 22. Rdg1 b4 23. Nd1 {[%emt 0:00:10] Nf2 would now be deadly.} Qe8 24. Ng3 d5 25. Qe2 ({Better is} 25. Nh5 $14 Qxh5 26. Bxg4 Qxg4 27. Rxg4 Rxg4 28. cxd5 cxd5 29. d4 Rc8+ 30. Kb1 exd4 31. Bxd4) 25... dxc4 26. dxc4 Qf7 (26... b3 $11 27. axb3 a4) 27. Qf3 Nxe3 28. Bxe6 Qxe6 29. Nxe3 {[%emt 0:00:07] Strongly threatening Ngf5.} Bc5 30. Ngf5 Rg5 31. Kb1 Rf8 (31... a4 $11 {remains equal.}) 32. Ng7 $16 {[%emt 0:01:49] The board is on fire. A dynamic duo of knights.} Qf7 {[%emt 0:00:24] [#]} 33. Rd1 (33. Qh3 $1 $16 {Threatens to win with Ne6.} Rxg1+ (33... Qg6 34. Rd1 $16) 34. Rxg1) 33... Bd4 $1 $11 34. Rhf1 a4 35. Nef5 $132 {[%emt 0:00:57][%mdl 2048] White is not keeping still} c5 36. Nd6 Qe7 37. Ndf5 Qf7 38. Nd6 Qg6 (38... Qe7 $1 $11 {and Black has nothing to worry.} 39. Nb5 Rg8) 39. Ne6 $1 $18 Rg2 {[%emt 0:00:01][%mdl 32768] Weighted Error Value: White=0.10 (very precise) /Black=0.23 (precise) .  Loses game:     	---       	Black=1      Mistake:       	White=2     	Black=3      Inaccurate:     	White=4     	Black=3      OK:         	White=13    	Black=12     Best:        	White=5     	Black=2      Strong:       	---       	Black=2     . An unexpected result.} 1/2-1/2

[Event "African Individual Chess-ch Open 2024"]
[Site "Accra"]
[Date "2024.03.17"]
[Round "5.2"]
[White "Bellahcene, Bilel"]
[Black "Mhango, Banele"]
[Result "1-0"]
[ECO "B81"]
[WhiteElo "2522"]
[BlackElo "2193"]
[Annotator "TA"]
[PlyCount "141"]
[EventDate "2024.03.13"]
[EventCountry "GHA"]
[SourceTitle "playchess.com"]
[Source "ChessBase"]
[SourceQuality "1"]
[TimeControl "5400+30"]

1. e4 c5 2. Nf3 d6 3. d4 cxd4 4. Nxd4 Nf6 5. Nc3 a6 6. h3 e6 7. g4 Nfd7 8. g5 b5 9. a3 Bb7 10. Be3 Nb6 11. h4 N8d7 12. h5 d5 13. exd5 (13. Qg4 {feels hotter.} Rc8 14. g6 hxg6 15. hxg6 f5 16. Qg1) 13... Nxd5 14. Nxd5 Bxd5 15. Rg1 g6 16. Qd2 Qc7 17. O-O-O Nc5 18. Bf4 Qb7 19. Be5 Rg8 20. Kb1 Nd7 21. Bf4 b4 22. axb4 Bxb4 23. Qe3 Nb6 24. hxg6 hxg6 25. Nb3 $1 Rc8 26. Be5 (26. Rd4 $1 $16 Nc4 27. Bxc4 Rxc4 28. Rxc4 Bxc4 29. Rd1) 26... Nc4 $2 (26... Nd7 $11 {and Black is okay.}) 27. Bxc4 $18 Rxc4 28. Rd4 Rxd4 29. Bxd4 Be7 (29... Qc6 $14) 30. Nc5 $16 Bxc5 31. Bxc5 Rh8 32. Qd4 (32. Qe5 $18 Rh1 33. Rxh1 Bxh1 34. Qd6) 32... Rh1 (32... Rh3 $16 {was worth a try.} 33. Re1 Qc6) 33. Rxh1 $18 Bxh1 34. Qd6 Be4 35. Kc1 Bf5 36. b4 e5 37. Qxe5+ Kd7 38. Qd6+ Kc8 39. Qf8+ Kc7 (39... Kd7 $16 {keeps fighting.}) 40. Qxf7+ $18 Kc6 41. Qf6+ Kb5 (41... Kc7 $142 42. Qd6+ Kc8) 42. Qd4 ({Better is} 42. Qd8 $1 $18) 42... Qe4 43. c4+ Kc6 44. Qd6+ Kb7 45. Qb6+ Kc8 46. Qxa6+ Kd7 47. Qd6+ Kc8 48. Qf8+ Kd7 49. Qg7+ $1 Kc8 50. Qh8+ Kc7 {[%emt 0:00:00] [#]} 51. Qc3 $1 Be6 52. Bd4 Qe2 53. c5 Kc6 54. Qe3 Qc4+ {[%emt 0:00:00] [#]} 55. Bc3 $1 Kb5 56. f3 Qf1+ 57. Kd2 Qg2+ 58. Qe2+ Qxe2+ 59. Kxe2 Kc4 60. Bd2 Bd7 61. Ke3 Kd5 62. Be1 Bb5 63. Bg3 Bc6 64. Kd3 Bb5+ $2 (64... Bd7 65. Kc3 Kc6) 65. Kc3 $18 Bd7 66. Kb3 Bb5 67. Bd6 Kd4 68. f4 Ke4 69. Kc3 Ba6 70. c6 Kd5 71. f5 ({Inferior is} 71. c7 Kxd6 72. f5 gxf5 $11) 1-0

[Event "African Individual Chess-ch Open 2024"]
[Site "Accra"]
[Date "2024.03.17"]
[Round "5.3"]
[White "Rakotomaharo, Fy Antenaina"]
[Black "Silva, David"]
[Result "1/2-1/2"]
[ECO "A48"]
[WhiteElo "2454"]
[BlackElo "2358"]
[Annotator "RC"]
[PlyCount "67"]
[EventDate "2024.03.13"]
[EventCountry "GHA"]
[SourceTitle "playchess.com"]
[Source "ChessBase"]
[SourceQuality "1"]
[TimeControl "5400+30"]

1. d4 Nf6 2. Nf3 g6 3. Bg5 Bg7 4. Nbd2 O-O 5. c3 d6 6. e4 h6 7. Bh4 g5 8. Bg3 Nh5 9. Bc4 e6 10. Bb3 Nc6 11. Ng1 Nxg3 12. hxg3 e5 13. d5 Ne7 14. g4 c6 15. c4 b5 16. dxc6 Nxc6 17. Ne2 Nb4 18. Ng3 Nd3+ 19. Kf1 Nxb2 20. Qe2 bxc4 21. Nxc4 Nxc4 22. Bxc4 Be6 23. Nf5 Bxf5 24. gxf5 Qf6 25. Rh3 Rfc8 26. Rb3 Rc7 27. Rab1 Rac8 28. Rb8 Qd8 29. Rxc8 Qxc8 30. Bb3 Rc1+ 31. Rxc1 Qxc1+ 32. Qe1 Qxe1+ 33. Kxe1 Bf6 34. g4 1/2-1/2

[Event "African Individual Chess-ch Open 2024"]
[Site "Accra"]
[Date "2024.03.17"]
[Round "5.4"]
[White "Aikhoje, Odion"]
[Black "ONOKPITE, Kennedy"]
[Result "1-0"]
[ECO "D02"]
[WhiteElo "2215"]
[BlackElo "2101"]
[Annotator "RC"]
[PlyCount "109"]
[EventDate "2024.03.13"]
[EventCountry "GHA"]
[SourceTitle "playchess.com"]
[Source "ChessBase"]
[SourceQuality "1"]
[TimeControl "5400+30"]

1. Nf3 d5 2. d4 Nf6 3. Bf4 c5 4. c3 Nc6 5. e3 Qb6 6. Qb3 c4 7. Qc2 Bf5 8. Qc1 h6 9. Nbd2 Rc8 10. Be2 e6 11. h3 Be7 12. O-O Qd8 13. Re1 O-O 14. Ne5 Bd6 15. Nxc6 Rxc6 16. Bf3 Ne4 17. Bxe4 Bxe4 18. Nxe4 dxe4 19. Qc2 f5 20. Rad1 Bxf4 21. exf4 Qd6 22. Qd2 Ra6 23. a3 Rb6 24. Re2 Rb5 25. Qe3 Qd5 26. Rdd2 Kf7 27. Qg3 Qd6 28. f3 exf3 29. Qxf3 g6 30. Qf2 Rd5 31. Re5 Rc8 32. Qh4 Kg7 33. Rxd5 exd5 34. Re2 Rc7 35. Re5 Rd7 36. Qe1 Kf7 37. Re8 b5 38. Rh8 Re7 39. Rh7+ Ke8 40. Rxe7+ Qxe7 41. Qe5 a5 42. Kf2 Qxe5 43. dxe5 d4 44. cxd4 b4 45. axb4 c3 46. bxc3 a4 47. b5 a3 48. b6 Kd8 49. e6 a2 50. b7 Kc7 51. e7 a1=Q 52. b8=Q+ Kxb8 53. e8=Q+ Kc7 54. Qe5+ Kb7 55. d5 1-0

[Event "African Individual Chess-ch Open 2024"]
[Site "Accra"]
[Date "2024.03.17"]
[Round "5.5"]
[White "Paiva, Donaldo"]
[Black "Ortega Amarelle, Mariano"]
[Result "0-1"]
[ECO "D38"]
[WhiteElo "2172"]
[BlackElo "2482"]
[Annotator "TA"]
[PlyCount "96"]
[EventDate "2024.03.13"]
[EventCountry "GHA"]
[SourceTitle "playchess.com"]
[Source "ChessBase"]
[SourceQuality "1"]
[TimeControl "5400+30"]

1. d4 Nf6 2. c4 e6 3. Nf3 d5 4. Nc3 Bb4 5. cxd5 exd5 6. Bg5 O-O 7. e3 Bf5 8. Qb3 Bxc3+ 9. bxc3 Nbd7 {[%emt 0:00:11] Die Stellung ist ausgeglichen.} 10. Be2 c5 11. O-O c4 12. Qxb7 Qa5 13. Qb4 Qxb4 14. cxb4 Ne4 15. Be7 Rfe8 16. Bc5 Nc3 17. Rfe1 a5 {[%emt 0:02:48] Weiss ist schwach auf den weissen Feldern} 18. a3 Nxc5 19. bxc5 Rab8 20. Bf1 Rb2 21. Ne5 f6 22. Nc6 Na4 $2 (22... Ne4 $11) 23. Nxa5 $18 c3 24. Nc6 {[%emt 0:00:07] Droht Nb4 und aus.} c2 25. Nb4 Nc3 26. Rec1 (26. Rac1 $18) 26... Kf8 {[%emt 0:01:07] [#]} ({Vorzuziehen ist} 26... h5 $14) 27. g4 $1 Bg6 (27... Be4 28. Bd3) 28. Ba6 (28. Kg2 $18) 28... Ra8 $1 $14 {[%emt 0:01:07][%cal Oa8a6] ...Rxa6! wäre nun fies.} 29. c6 (29. Kg2 $5) 29... Rxa6 $1 30. Nxa6 {[%emt 0:00:04] Schwarz muss nun c7 beachten.} Ke7 {[%emt 0:00:22] [#]} (30... Ne2+ $11 {hält das Gleichgewicht.} 31. Kg2 Ke7) 31. Kg2 ({Weiss braucht} 31. Nc5 $1 $16 {Und c7 würde nun gewinnen.} Kd8 32. Kf1) 31... Ne2 $1 $11 32. Nb4 Nxc1 33. Rxc1 {[%emt 0:00:03][%mdl 4096] Endspiel. KRB-KRN} Rb1 34. Na2 (34. Nxd5+ $2 {geht unter.} Kd6 $19) 34... Kd6 {[%emt 0:00:39][%mdl 1024] Schwarz hat Kompensation.} 35. f4 Be4+ 36. Kf2 Rb2 $2 (36... Bd3 $15 {behält die Oberhand.}) 37. Nb4 (37. Nc3 $16) 37... Rb1 38. Na2 Kxc6 {[%emt 0:00:50] ...Kb5 ist eine echte Drohung.} 39. Ke2 Kb5 (39... Rxc1 $11 40. Nxc1 f5 41. gxf5 Kb5) 40. Kd2 $2 (40. Nc3+ $16 Kb6 41. Kd2) 40... Kc4 $19 41. Re1 $2 (41. Nb4 Kb3 42. h4) 41... Rxe1 42. Kxe1 {[%emt 0:00:00] KB-KN} Kd3 43. a4 Kxe3 {[%emt 0:00:00] Schwarz setzt Matt.} 44. a5 Bd3 $1 (44... Kxd4 45. Kd2 $17) 45. Nc1 Bc4 (45... Kxd4 46. Kd2 Bc4 47. Kxc2 $17) 46. f5 h6 (46... Kxd4 $2 47. Kd2 $19) 47. h3 Ba6 (47... Kxd4 48. Kd2 $19) 48. h4 Bc4 {[%emt 0:00:00] Kein schönes Erlebnis für Weiß.   Gewichteter Fehlerwert: Weiß=0.54/Schwarz=0.23 (präzise) .  Verlustzug:     	Weiß=1     	Schwarz=1     Fehler:       	Weiß=5     	Schwarz=4     Ungenau:       	Weiß=2     	Schwarz=2     OK:         	Weiß=13    	Schwarz=12    Bester:       	---       	Schwarz=4     Stark:        	---       	Schwarz=3     Brilliant:      	Weiß=1     	---} (48... Kxd4 49. Kd2 $17) 0-1

[Event "African Individual Chess-ch Open 2024"]
[Site "Accra"]
[Date "2024.03.17"]
[Round "5.6"]
[White "De Gondo, Simplice Armel"]
[Black "Abdulraheem Abdulrahman Akinto"]
[Result "0-1"]
[ECO "E07"]
[WhiteElo "2024"]
[BlackElo "2229"]
[Annotator "TA"]
[PlyCount "103"]
[EventDate "2024.03.13"]
[EventCountry "GHA"]
[SourceTitle "playchess.com"]
[Source "ChessBase"]
[SourceQuality "1"]
[TimeControl "5400+30"]

1. d4 Nf6 2. Nf3 e6 3. g3 d5 4. Bg2 Be7 5. O-O O-O 6. c4 c6 7. Nc3 Nbd7 8. Qc2 dxc4 9. Rd1 b5 10. a4 ({Günstiger ist} 10. b3 $11) 10... b4 $15 11. Nb1 (11. Ne4 $15) 11... Ba6 $17 12. e4 Qc8 (12... Rc8 $17 13. Bg5 c5) 13. Bg5 $15 h6 14. Bxf6 Nxf6 15. Ne5 Rd8 16. Nxc4 Bxc4 17. Qxc4 e5 18. Rd3 c5 (18... exd4 $15 19. Nd2 Nd7) 19. dxe5 Rxd3 20. Qxd3 c4 21. Qc2 (21. Qd2 $11 Ng4 22. Qe2) 21... Ng4 $36 {[%emt 0:03:08][%mdl 2048] Schwarz drückt.} 22. Bh3 {[%emt 0:00:13] [#]} Ne3 $1 23. fxe3 Qxh3 24. Nd2 $1 {[%emt 0:00:11] [#]} c3 25. bxc3 Rc8 26. c4 h5 27. Rf1 (27. Nf3 $11 {hält das Gleichgewicht.}) 27... Qe6 28. Rc1 Bc5 {[%emt 0:04:43] Schwarz steht aktiver.} (28... Qxe5 $15 29. Nf3 Qc5) 29. Kf2 $1 $11 Qxe5 30. Nf3 Qf6 31. Rd1 Qc3 (31... Bb6 $11) 32. Qxc3 $14 bxc3 {[%emt 0:00:01][%mdl 4096] Endspiel. KRB-KRN} 33. Ke2 Rb8 (33... Ba3 $1 $11 {bleibt in der Remisbreite.} 34. Ne1 (34. Kd3 c2 $11) 34... Rxc4) 34. Kd3 $16 Rb3 35. Kc2 Ra3 36. Rd8+ Kh7 {[%emt 0:00:02][%cal Oc5b4] [#]} 37. Rd5 (37. Ne5 $1 $16) 37... Bb4 $1 $11 {[%emt 0:01:23] Droht ...Ra2+ und aus.} 38. Nd4 (38. Rxh5+ Kg6 39. Rg5+ Kh7) 38... Ra2+ (38... Rxa4 $2 {zu gefräßig.} 39. Kb3 $18 (39. Rxh5+ Kg6 $16) (39. Rxh5+ Kg6 $11)) 39. Kb1 $1 Rb2+ (39... Rxh2 40. Nc2 $14) 40. Kc1 {[%emt 0:00:17] Nc2 ist eine echte Drohung.} Rxh2 41. Nc2 $2 ({Falsch wäre} 41. c5 $2 Ba3+ 42. Kb1 Rb2+ 43. Kc1 Rd2+ 44. Kb1 c2+ 45. Nxc2 Rxd5 46. exd5 Bxc5 $19) (41. Kb1 $1 $11) 41... Rh1+ $19 42. Rd1 Rxd1+ 43. Kxd1 {[%emt 0:00:02] KB-KN} Bd6 44. c5 Bxc5 {[%emt 0:01:11] Zielt auf ...Bd6 ab.} 45. Ke2 Kg6 {[%emt 0:01:32] ...Bd6 wäre nun fies.} 46. e5 Kf5 47. Kd3 Kxe5 48. Nd4 Bxd4 {[%emt 0:00:00] Schwarz setzt Matt.} 49. exd4+ Kd5 50. Kxc3 g5 51. Kd3 f5 52. Ke3 {[%emt 0:05:12] Gewichteter Fehlerwert: Weiß=0.44/Schwarz=0.18 (sehr präzise) .  Verlustzug:     	Weiß=1     	---        Fehler:       	Weiß=5     	Schwarz=5     Ungenau:       	Weiß=2     	Schwarz=2     OK:         	Weiß=11    	Schwarz=10    Bester:       	Weiß=4     	Schwarz=9     Stark:        	Weiß=3     	Schwarz=1     Brilliant:      	---       	Schwarz=1} 0-1

[Event "African Individual Chess-ch Open 2024"]
[Site "Accra"]
[Date "2024.03.17"]
[Round "5.7"]
[White "Cogan, Nicolas"]
[Black "Zhemba, Jemusse"]
[Result "0-1"]
[ECO "D03"]
[WhiteElo "2070"]
[BlackElo "2226"]
[Annotator "RC"]
[PlyCount "120"]
[EventDate "2024.03.13"]
[EventCountry "GHA"]
[SourceTitle "playchess.com"]
[Source "ChessBase"]
[SourceQuality "1"]
[TimeControl "5400+30"]

1. d4 Nf6 2. Nf3 b6 3. Bg5 Bb7 4. Nbd2 d5 5. e3 Nbd7 6. Bd3 Ne4 7. Bh4 Ndf6 8. Ne5 a6 9. O-O Nxd2 10. Qxd2 e6 11. Qe2 Be7 12. f4 g6 13. Bg5 h6 14. Bxf6 Bxf6 15. a4 a5 16. Rf3 h5 17. Raf1 Qd6 18. c3 Bg7 19. Qc2 Rh6 20. Rh3 f5 21. Nf3 Bf6 22. Qf2 O-O-O 23. Rb1 c5 24. Bb5 Kb8 25. Qe2 Ka7 26. Ne1 g5 27. fxg5 Bxg5 28. Nd3 h4 29. b4 axb4 30. cxb4 c4 31. Ne5 Rh7 32. a5 Rg7 33. Rf3 Rdg8 34. Qa2 Kb8 35. axb6 Qxb6 36. Nd7+ Rxd7 37. Bxd7 Rg7 38. Qa4 Bd8 39. Qb5 Qd6 40. Be8 Bc7 41. Rh3 f4 42. Qc5 fxe3 43. Qxd6 Bxd6 44. Rxe3 Re7 45. Bh5 Bf4 46. Re2 e5 47. dxe5 d4 48. Rbe1 d3 49. Re4 d2 50. Rf1 Bxh2+ 51. Kxh2 Bxe4 52. Bd1 Rxe5 53. Rf8+ Kc7 54. Rf7+ Kb6 55. Rf8 c3 56. Rd8 Rg5 57. Kg1 Rxg2+ 58. Kf1 h3 59. b5 h2 60. Rh8 Rg1+ 0-1